 Dungeon Crawl Stone Soup version 0.25.1-2-g60ff931df9 (webtiles) character file.

Game seed: 9781769766769358987

4069 DogServant the Carver (level 10, 17/82 HPs)
             Began as a Merfolk Gladiator on Nov 8, 2020.
             Quit the game on level 8 of the Dungeon.
             The game lasted 00:14:23 (10364 turns).

DogServant the Carver (Merfolk Gladiator)          Turns: 10364, Time: 00:14:24

Health: 17/82      AC:  7    Str: 17    XL:     10   Next: 25%
Magic:  10/10      EV: 19    Int:  9    God:
Gold:   168        SH:  5    Dex: 15    Spells: 9/9 levels left

rFire    . . .     SeeInvis .   a - +0 long sword
rCold    . . .     Gourm    .   (no shield)
rNeg     . . .     Faith    .   c - +1 troll leather armour {Purgy}
rPois    .         Spirit   .   j - +0 helmet
rElec    .         Reflect  +   b - +0 cloak
rCorr    .         Harm     .   (no gloves)
MR       .....                  (no boots)
Stlth    +.........             p - amulet of reflection
HPRegen  0.63/turn              (no ring)
MPRegen  0.12/turn              (no ring)

@: quite poisoned (17 -> 9)
A: change form in water, swift swim, stealthy swim
a: no special abilities


You were on level 8 of the Dungeon.
You were hungry.

You visited 1 branch of the dungeon, and saw 8 of its levels.
You also visited: Sewer and Bailey.

You collected 528 gold pieces.
You spent 360 gold pieces at shops.

Inventory:

Hand Weapons
 a - a +0 long sword (weapon)
Missiles
 d - 11 throwing nets
 n - 5 javelins (quivered)
Armour
 b - a +0 cloak (worn)
 c - a +1 troll leather armour (worn) {Purgy}
 j - a +0 helmet (worn)
Jewellery
 p - an amulet of reflection (around neck)
Wands
 m - a wand of digging (2)
 x - a wand of flame (12)
Scrolls
 i - a scroll of identify
 k - a scroll of noise
 t - 2 scrolls of enchant armour
Potions
 e - a potion of mutation {unknown}
 l - 2 potions of resistance
 o - 3 potions of degeneration
 s - a potion of haste
 u - a potion of flight
 w - 2 potions of lignification
 z - a potion of curing {unknown}
 B - 2 potions of brilliance {unknown}
Miscellaneous
 g - a phial of floods
Comestibles
 f - 9 rations


   Skills:
 + Level 8.8 Fighting
 - Level 11.0 Long Blades
 - Level 2.0 Throwing
 + Level 10.7 Dodging


You had 9 spell levels left.
You didn't know any spells.
Your spell library was empty.

Dungeon Overview and Level Annotations

Branches:
Dungeon (8/15)             Temple (0/1) D:7           Sewer (visited)
 Bailey (visited)
   Lair: D:8-11

Altars:
Cheibriados
Dithmenos
Okawaru
Qazlal
Trog
Uskayaw
Wu Jian
Zin
The Shining One

Shops:
D:4 %   D:5 }   D:6 (   D:7 =

Annotations:
D:2 2 transporters


Message History

You miss the killer bee.
The killer bee is moderately wounded.
You feel sick. You block the killer bee's attack. The killer bee misses you.
The killer bee barely misses you. The killer bee stings you!
You are more poisoned.
The killer bee poisons you!
You hit the killer bee but do no damage.
The killer bee is moderately wounded.
You feel sick. The killer bee misses you. You block the killer bee's attack.
The killer bee misses you. The killer bee stings you.
* * * LOW HITPOINT WARNING * * *
You slash the killer bee!
The killer bee is severely wounded.
You feel sick. The killer bee misses you.
You riposte.
You hit the killer bee.
You kill the killer bee!
The killer bee stings you.
* * * LOW HITPOINT WARNING * * *
The killer bee stings you.
* * * LOW HITPOINT WARNING * * *
Are you sure you want to abandon this character and quit the game? (Confirm with "yes".)

..# ..# ## ##.. .. ...
#..# ..# ...# ... ##...
#..# ###.###... .
....###........... #.
..........#..#.... #..
.#.#...#@#y...#..
##..### #...#yys<.....
###...#.###..##rJ.......
#............##.........
...#....................
#..........##...........
........<..##...........
........................
.....#.....##.#...#.....


You could see a jelly, 2 killer bees, a quokka and a giant cockroach.

Vanquished Creatures
  Prince Ribbit (D:7)
  A hippogriff (D:7)
  2 sky beasts
  Purgy (Sewer)
  Duvessa (D:6)
  An orc warrior (D:7)
  An ice beast (D:5)
  2 ogres
  A phantom (D:5)
  2 centaurs
  3 bullfrogs
  8 gnoll sergeants (Bailey)
  A big kobold (Sewer)
  Dowan (D:6)
  2 killer bees (D:8)
  A howler monkey (D:4)
  3 crimson imps
  4 hounds
  A bullfrog skeleton (D:4)
  11 gnoll shamans
  4 orc wizards
  2 iguanas
  Natasha (thrice) (D:3)
  6 worker ants
  60 gnolls
  A howler monkey skeleton (D:8)
  9 adders
  A shadow imp (D:6)
  2 adder skeletons (D:5)
  A worm (D:3)
  2 dart slugs
  6 leopard geckos
  14 orcs
  2 ball pythons
  13 bats
  5 giant cockroaches
  11 hobgoblins
  34 jackals
  A quokka (D:6)
  3 frilled lizards
  10 goblins
  11 kobolds
  A leopard gecko skeleton (D:5)
  A quokka skeleton (D:4)
  8 rats
259 creatures vanquished.

Vanquished Creatures (others)
  5 fungi (D:6)
5 creatures vanquished.

Grand Total: 264 creatures vanquished

Notes
Turn   | Place    | Note
-------+----------+-------------------------------------------
     0 | D:1      | DogServant the Merfolk Gladiator began the quest for the
                  | Orb.
     0 | D:1      | Reached XP level 1. HP: 16/16 MP: 1/1
   404 | D:1      | Reached XP level 2. HP: 23/23 MP: 2/2
   681 | D:1      | Reached skill level 4 in Long Blades
   681 | D:1      | Reached XP level 3. HP: 27/28 MP: 3/3
  1561 | D:2      | Found a transporter.
  1562 | D:2      | Found an ornate altar of the Wu Jian Council.
  1562 | D:2      | Noticed a phantom
  1580 | D:2      | Found a transporter.
  2179 | D:3      | Reached XP level 4. HP: 29/34 MP: 4/4
  2596 | D:3      | Reached skill level 5 in Dodging
  2610 | D:3      | Found a glowing drain.
  2617 | D:3      | Reached XP level 5. HP: 41/41 MP: 5/5
  2629 | Sewer    | Entered a sewer
  2638 | Sewer    | Reached skill level 5 in Long Blades
  2678 | Sewer    | Noticed Purgy
  2692 | Sewer    | Killed Purgy
  2692 | Sewer    | Reached XP level 6. HP: 29/48 MP: 6/6
  2961 | D:3      | Found a bloodstained altar of Trog.
  3302 | D:3      | Reached skill level 6 in Long Blades
  3335 | D:3      | Noticed Natasha
  3682 | D:2      | Reached XP level 7. HP: 26/55 MP: 7/7
  3979 | D:3      | Found a glowing silver altar of Zin.
  4312 | D:3      | Reached skill level 7 in Long Blades
  4377 | D:3      | Reached skill level 5 in Fighting
  4463 | D:3      | Killed Natasha
  4463 | D:3      | Reached XP level 8. HP: 51/62 MP: 8/8
  4621 | D:3      | Noticed Natasha
  4629 | D:3      | Killed Natasha
  4660 | D:3      | Found a glowing silver altar of Zin.
  4926 | D:3      | Noticed Natasha
  4935 | D:3      | Killed Natasha
  5279 | D:3      | Found a bloodstained altar of Trog.
  5471 | D:4      | Reached skill level 8 in Long Blades
  5500 | D:4      | Found a glowing golden altar of the Shining One.
  5929 | D:4      | Found Funlasits's Food Shop.
  6394 | D:5      | Entered Level 5 of the Dungeon
  6624 | D:5      | Found Illagefi's Gadget Shoppe.
  6692 | D:5      | Reached skill level 9 in Long Blades
  6693 | D:5      | Found a hide-covered altar of Uskayaw.
  6867 | D:5      | Found an iron altar of Okawaru.
  7251 | D:6      | Found a shadowy altar of Dithmenos.
  7262 | D:6      | Noticed Duvessa
  7262 | D:6      | Noticed Dowan
  7271 | D:6      | Killed Duvessa
  7271 | D:6      | Reached XP level 9. HP: 43/71 MP: 9/9
  7278 | D:6      | Killed Dowan
  7424 | D:6      | Found a stormy altar of Qazlal.
  7643 | D:6      | Found Sekh's Antique Weapon Shop.
  7657 | D:6      | Found a snail-covered altar of Cheibriados.
  8271 | D:7      | Found a flagged portal.
  8292 | D:7      | Reached skill level 10 in Long Blades
  8309 | D:7      | Got an encrusted spear
  8312 | Bailey   | Entered a bailey
  8331 | Bailey   | Identified the +5 spear "Penkuari" {antimagic, MR+ MP+9
                  | Dex-2} (You found it on level 7 of the Dungeon)
  9383 | D:7      | Reached skill level 11 in Long Blades
  9389 | D:7      | Reached XP level 10. HP: 68/80 MP: 10/10
  9423 | D:7      | Noticed Prince Ribbit
  9435 | D:7      | Killed Prince Ribbit
  9435 | D:7      | Reached skill level 10 in Dodging
  9928 | D:7      | Found Doveluu's Jewellery Emporium.
  9931 | D:7      | Bought an uncursed amulet of reflection for 360 gold pieces
 10162 | D:7      | Found a staircase to the Ecumenical Temple.
 10364 | D:8      | Quit the game

Illustrated notes

Levels and vault maps discovered:
D:1:      wander_arrival_chamber, layout_loops_ring, hangedman_decor_points,
          kennysheep_small_spiral
D:2:      layout_basic, gammafunk_temple_overflow_arena, first_ration
D:3:      lemuel_castle_with_subvaults [lemuel_castle_interior_carwin_1],
          layout_basic, lemuel_round_altar, lightli_temple_of_fire,
          portal_sewer_entry_f, palyth_stone_intersect, uniq_natasha
D:4:      layout_gridville, lemuel_crystal_altar, serial_shops, shop
D:5:      layout_cave_pods, chequers_temple_overflow_statue_of_worship,
          serial_shops, shop
D:6:      layout_loops_corners, lemuel_crystal_altar,
          grunt_dithmenos_smoke_and_mirrors, basic_altar, serial_aquarium,
          aquarium_bridge_long_joined [aquarium_subvault_bridge,
          aquarium_subvault_bridge, aquarium_subvault_bridge,
          aquarium_subvault_wall, aquarium_subvault_window,
          aquarium_subvault_bridge], aquarium_window_2, aquarium_window_2,
          aquarium_view_2c, aquarium_view_2f, serial_shops, shop,
          minmay_misc_feat_pillars, minmay_puff, uniq_duvessa
D:7:      layout_basic, minmay_temple_entry_trees, serial_shops,
          kennysheep_mini_moat, enter_bailey_2, uniq_prince_ribbit1
D:8:      layout_cave_pools, lemuel_round_altar, amethyst_overflow_temple_binary

Skill      XL: |  1  2  3  4  5  6  7  8  9 10 |
---------------+-------------------------------+-----
Long Blades    | 4 5 6 7 9 11 | 11.0
Fighting       | 3 4 5 6 7 8 |  8.8
Dodging        | 5 6 7 8 9 10 | 10.7
Throwing       | |  2.0

Action                   |  1- 3 |  4- 6 |  7- 9 | 10-12 || total
-------------------------+-------+-------+-------+-------++-------
Melee: Long sword        |   124 |   230 |   601 |   116 ||  1071
       Tailslap          |       |     5 |       |       ||     5
Throw: Throwing net      |       |     3 |     2 |       ||     5
       Javelin           |       |       |     8 |       ||     8
Evoke: Wand              |       |       |     8 |       ||     8
  Use: Scroll            |       |     2 |    15 |     1 ||    18
       Potion            |       |     1 |     4 |       ||     5
 Stab: Sleeping          |     1 |     2 |       |       ||     3
  Eat: Chunk             |     3 |     3 |    19 |     3 ||    28
       Ration            |     1 |       |       |       ||     1
Armor: Leather armour    |     4 |       |       |       ||     4
       Ring mail         |    37 |    59 |       |       ||    96
       Troll leather arm |       |    28 |    80 |    25 ||   133
       Skin              |       |       |    13 |       ||    13
Dodge: Dodged            |   103 |   244 |   530 |    91 ||   968
Block: Other             |       |       |       |    18 ||    18
       Rpst.: Long sword |    32 |    56 |   144 |    33 ||   265
